 Dungeon Crawl Stone Soup version 0.17.1-2-g5865329 (webtiles) character file.

80 yupa the Digger (level 4, 0/38 HPs)
             Began as a Deep Dwarf Earth Elementalist on Jan 26, 2016.
             Slain by a gnoll (1 damage)
             ... on level 3 of the Dungeon on Jan 27, 2016.
             The game lasted 00:29:10 (2051 turns).

yupa the Digger (Deep Dwarf Earth Elementalist)     Turns: 2051, Time: 00:29:10

Health: 0/38       AC:  3    Str: 11    XL:     4   Next: 18%
Magic:  4/4        EV: 16    Int: 16    God:
Gold:   73         SH:  0    Dex: 14    Spells: 1 memorised, 3 levels left

rFire  . . .     SeeInvis .     m - +0 dagger
rCold  . . .     Clarity  .     e - +0 leather armour
rNeg   . . .     SustAt   .     (no shield)
rPois  .         Gourm    .     (no helmet)
rElec  .         Spirit   .     (no cloak)
rCorr  .         Warding  .     (no gloves)
rMut   .         Stasis   .     (no boots)
MR     .....                    (no amulet)
Stlth  ++........               (no ring)
                                l - +3 ring of evasion

@: non-regenerating, not resistant to hostile enchantments, unstealthy
A: damage resistance, recharge devices, sense surroundings 1, slow regeneration
3
a: Device Recharging


You were on level 3 of the Dungeon.
You were not hungry.

You visited 1 branch of the dungeon, and saw 3 of its levels.

You collected 73 gold pieces.

Inventory:

Hand Weapons
 f - a +0 club
 i - a +0 spear
 m - a +0 dagger (weapon)
 n - a +0 whip
 r - a +0 club
 u - a +0 great sword
Missiles
 b - 37 stones (quivered)
 p - 12 bolts
Armour
 a - a +0 robe
 e - a +0 leather armour (worn)
 k - a +2 buckler
 o - a +0 robe
 s - a +0 leather armour
Jewellery
 l - a +3 ring of evasion (left hand)
Wands
 d - a wand of heal wounds (5)
Scrolls
 g - a scroll of enchant armour {unknown}
 h - a scroll of amnesia
Potions
 j - a potion of agility {unknown}
 t - a potion of flight {unknown}
Books
 c - a book of Geomancy

   Spells                             Type                      Level
   a - Sandblast                      Earth                        1
   b - Stoneskin                      Transmutation/Earth          2
   c - Passwall                       Transmutation/Earth          3
   d - Stone Arrow                    Conjuration/Earth            3
   e - Petrify                        Transmutation/Earth          4
   f - Lee's Rapid Deconstruction     Earth                        5
Comestibles
 q - a bread ration


   Skills:
 + Level 1.0 Fighting
 + Level 0.3 Short Blades
 + Level 0.5 Polearms
 + Level 0.3 Throwing
 + Level 0.7 Armour
 + Level 3.5 Dodging
 + Level 2.7 Stealth
 + Level 1.9 Spellcasting
   Level 0.8 Transmutations
 + Level 4.4 Earth Magic


You had 3 spell levels left.
You knew the following spells:

 Your Spells              Type           Power        Failure   Level  Hunger
a - Stone Arrow           Conj/Erth      #.....       34%         3    ###....


Dungeon Overview and Level Annotations

Branches:
Dungeon (3/15)

Altars:
Gozag


Innate Abilities, Weirdness & Mutations

You are resistant to damage.
You can recharge devices by infusing magical energy.
You passively map a small area around you.
You do not regenerate naturally.


Message History

The gnoll completely misses you. The gnoll closely misses you.
The bat barely misses you. x2
The gnoll hits you with a flail!
* * * LOW HITPOINT WARNING * * *
The gnoll misses you.
You see here a rat corpse.
You hit the bat but do no damage. The bat misses you.
The bat closely misses you. The gnoll closely misses you.
The gnoll hits you from afar with a spear!
* * * LOW HITPOINT WARNING * * *
You closely miss the bat. The bat barely misses you.
You hit the bat.
The bat is moderately wounded.
The bat closely misses you. x2
The gnoll completely misses you. The bat hits you but does no damage.
You miss the bat.
The bat is moderately wounded.
The bat barely misses you. The gnoll hits you but does no damage.
The gnoll hits you but does no damage. The gnoll hits you.
You die...

* #..........##
...#. *
..........[.##.#...
, *
.........#.........
, *
..................#*
......g............
,
........##.o.......
* *
,.....|..###gg......
........###g#......
,
#......##b@g#......
, .######
#.###...... * ,
##.###...... ,
#........... , #.
#.#####..... #.* #.#
*. #.* ####.##.... *
, #.####.......# , *
* #........####...#
<


You could see 3 gnolls, an orc, a goblin and a bat.

Vanquished Creatures
  Ijyb (D:2)
  2 adders (D:2)
  A worm (D:2)
  A giant gecko (D:1)
  2 giant cockroaches
  2 goblins
  3 hobgoblins
  2 jackals (D:1)
  A ball python (D:2)
  3 bats
  6 kobolds
  7 rats
31 creatures vanquished.

Notes
Turn   | Place    | Note
--------------------------------------------------------------
     0 | D:1      | yupa the Deep Dwarf Earth Elementalist began the quest for the Orb.
     0 | D:1      | Reached XP level 1. HP: 15/15 MP: 3/3
   488 | D:1      | Reached XP level 2. HP: 16/22 MP: 4/4
  1036 | D:2      | Reached XP level 3. HP: 21/30 MP: 5/5
  1362 | D:2      | Found an opulent altar of Gozag.
  1364 | D:2      | Noticed Ijyb
  1412 | D:2      | Killed Ijyb
  1412 | D:2      | Reached skill level 1 in Fighting
  1519 | D:2      | Reached XP level 4. HP: 33/38 MP: 6/6
  1655 | D:2      | Learned a level 3 spell: Stone Arrow
  2048 | D:3      | HP: 1/38 [gnoll/spear (6)]
  2051 | D:3      | Slain by a gnoll

Action                   |  1- 3 |  4- 6 || total
-------------------------+-------+-------++-------
Melee: Spear             |    65 |       ||    65
       Dagger            |    71 |    57 ||   128
Throw: Stone             |    22 |       ||    22
 Abil: Device Recharging |       |     2 ||     2
Evoke: Wand              |     4 |       ||     4
  Use: Scroll            |     1 |     3 ||     4
       Potion            |       |     2 ||     2
 Stab: Sleeping          |     2 |       ||     2
  Eat: Bread ration      |     1 |       ||     1
